 Dungeon Crawl Stone Soup version 0.21.1-1-g345015f (webtiles) character file.

3852 diana the Martial Artist (level 10, -1/75 (76) HPs)
             Began as a Gnoll Transmuter on June 23, 2018.
             Was an Initiate of Ashenzari.
             Slain by a skeletal warrior
             ... wielding a +0 glaive
             ... led by a death knight
              (8 damage)
             ... on level 9 of the Dungeon.
             The game lasted 00:18:39 (9521 turns).

diana the Martial Artist (Gnoll Transmuter)         Turns: 9521, Time: 00:18:40

HP:   -1/75 (76)    AC:  6    Str: 15    XL:     10   Next: 18%
MP:   20/20         EV: 26    Int: 16    God:    Ashenzari [......]
Gold: 552           SH:  0    Dex: 19    Spells: 13/23 levels left

rFire    . . .     SeeInvis .     - Unarmed
rCold    . . .     Gourm    +   (shield currently unavailable)
rNeg     + . .     Faith    .   (armour currently unavailable)
rPois    x         Spirit   .   (helmet currently unavailable)
rElec    .         Reflect  .   (cloak currently unavailable)
rCorr    .         Harm     .   (gloves currently unavailable)
MR       .....     Clarity  +   (boots currently unavailable)
Stlth    +++.......             i - amulet of the gourmand
HPRegen  0.62/turn              k - ring of positive energy
MPRegen  0.17/turn              K - +4 ring of protection (curse)

@: about to teleport, spider-form, slowed, very slow
A: tiny, distributed training, clarity, clumsy 1, regeneration 1, evolution 1,
strong nose
a: End Transformation, Curse Item, Renounce Religion


You were on level 9 of the Dungeon.
You worshipped Ashenzari.
Ashenzari was noncommittal.
You were completely stuffed.
You were a venomous arachnid creature.
You visited 2 branches of the dungeon, and saw 10 of its levels.

You collected 552 gold pieces.

Inventory:

Missiles
 a - 204 arrows
 E - a throwing net (quivered)
Armour
 b - a +0 robe
 p - a cursed +0 leather armour (melded)
 z - a scarf of cloud immunity (melded)
 B - a +0 pair of boots (melded)
 D - a +0 cloak of invisibility
Jewellery
 i - an amulet of the gourmand (around neck)
 k - a ring of positive energy (left front leg)
 K - a cursed +4 ring of protection (right front leg)
Wands
 f - a wand of clouds (8)
 C - a wand of polymorph (14)
 G - a wand of digging (19)
 H - a wand of paralysis (16)
Scrolls
 e - a scroll of magic mapping
 l - 2 scrolls of enchant weapon
 m - 5 scrolls of identify
 q - 3 scrolls of teleportation
 r - a scroll of amnesia {unknown}
 u - a scroll of immolation
 v - 2 scrolls of enchant armour {unknown}
 w - a scroll of fear {unknown}
 x - 3 scrolls of remove curse
 y - a scroll of acquirement {unknown}
Potions
 g - 3 potions of degeneration {unknown}
 h - a potion of brilliance {unknown}
 j - 2 potions of mutation
 n - 2 potions of flight {unknown}
 o - a potion of magic {unknown}
 s - a potion of cancellation
 t - a potion of agility {unknown}
 A - a potion of resistance {unknown}
 F - a potion of haste {unknown}
 I - 3 potions of heal wounds {unknown}
 L - a potion of lignification
Books
 c - a book of Changes

   Spells                             Type                      Level
   a - Beastly Appendage              Transmutation                1
   b - Sticks to Snakes               Transmutation                2
   c - Spider Form                    Transmutation/Poison         3
   d - Ice Form                       Ice/Transmutation            4
   e - Blade Hands                    Transmutation                5
 J - a Young Poisoner's Handbook

   Spells                             Type                      Level
   a - Sting                          Conjuration/Poison           1
   b - Poisonous Vapours              Poison/Air                   2
   c - Mephitic Cloud                 Conjuration/Poison/Air       3
   d - Olgreb's Toxic Radiance        Poison                       4
   e - Venom Bolt                     Conjuration/Poison           5
Comestibles
 d - 23 rations


   Skills:
 + Level 5.6 Fighting
 + Level 4.9 Short Blades
 + Level 4.9 Long Blades
 + Level 4.9 Axes
 + Level 4.9 Maces & Flails
 + Level 4.9 Polearms
 + Level 4.9 Staves
 + Level 4.9 Slings
 + Level 4.9 Bows
 + Level 4.9 Crossbows
 + Level 4.9 Throwing
 + Level 4.9 Armour
 + Level 6.8 Dodging
 + Level 4.9 Stealth
 + Level 4.9 Shields
 + Level 8.3 Unarmed Combat
 + Level 7.1 Spellcasting
 + Level 4.1 Conjurations
 + Level 4.1 Hexes
 + Level 4.1 Charms
 + Level 4.1 Summonings
 + Level 4.1 Necromancy
 + Level 4.1 Translocations
 + Level 5.6 Transmutations
 + Level 4.1 Fire Magic
 + Level 4.1 Ice Magic
 + Level 4.1 Air Magic
 + Level 4.1 Earth Magic
 + Level 4.1 Poison Magic
 + Level 5.4 Invocations
 + Level 4.9 Evocations


You had 13 spell levels left.
You knew the following spells:

 Your Spells              Type           Power        Failure   Level  Hunger
a - Beastly Appendage     Tmut           ###...       6%          1    None
b - Spider Form           Tmut/Pois      ###.......   14%         3    ##.....
c - Sticks to Snakes      Tmut           ###.....     8%          2    None
d - Ice Form              Ice/Tmut       ###.....     34%         4    ####...


Dungeon Overview and Level Annotations

Branches:
Dungeon (9/15)             Temple (1/1) D:7
   Lair: D:8-11         Orc: D:9-12

Altars:
Ashenzari
Cheibriados
Dithmenos
Elyvilon
Fedhas
Hepliaklqana
Makhleb
Nemelex Xobeh
Qazlal
Ru
Sif Muna
Trog
Vehumet
Wu Jian
Xom
Yredelemnul
Zin
The Shining One

Shops:
D:5 (

Annotations:
D:4 kaytrill's ghost, novice TrBe


Innate Abilities, Weirdness & Mutations

Your experience applies equally to all skills.
((You have very sharp teeth.))
Your uncanny sense of smell can sniff out nearby items.
((You are partially covered in iridescent scales. (AC +2)))
You possess an exceptional clarity of mind.
You are clumsy. (Dex -2)
Your natural rate of healing is unusually fast.
You evolve.


Message History

The skeletal warrior hits you with a glaive!
The wraith completely misses you.
You closely miss the skeletal warrior.
The skeletal warrior is moderately damaged.
The skeletal warrior hits you with a glaive!!
* * * LOW HITPOINT WARNING * * *
The wraith misses you.
The skeletal warrior completely misses you.
The wraith completely misses you.
The skeletal warrior hits you from afar with a glaive.
* * * LOW HITPOINT WARNING * * *
The wraith hits you.
* * * LOW HITPOINT WARNING * * *
The wraith drains your vigour!
You feel as though you will be slow longer.
As you read the scroll of teleportation, it crumbles to dust.
You feel strangely unstable. The skeletal warrior misses you.
The wraith completely misses you.
The skeletal warrior hits you from afar with a glaive!
You die...

#.........# #..# #..#
#... #.........# #..#
#..# #... #.........#
#..# #..# #...
#.........# #..# #..#
#... #.........# #..#
#..# #... #.........#
#..####..# #...
#.........# #........#
#...
#.........#####........#
#...
#.............sWz......#
#...
#...............####...#
#... #........######.#
#...# #... #........#
#.# #...#####... #.#
#......W.... #.#
#........... #.#
#..#######.. #.# #..#
#.. #.# #..# #..


You could see a skeletal warrior and a wraith.

Vanquished Creatures
  Erica (D:8)
  Joseph (D:8)
  Grinder (D:6)
  Sigmund (D:5)
  Menkaure (D:4)
  A sky beast (D:6)
  An orc warrior (D:6)
  A phantom (D:9)
  A black bear (D:6)
  6 ogres
  A necrophage (D:8)
  2 centaurs
  A crocodile (D:8)
  A bullfrog (D:8)
  A scorpion (D:6)
  4 crimson imps
  2 howler monkeys (D:7)
  A centaur zombie (D:5)
  A bullfrog skeleton (D:9)
  2 hounds
  A jelly (D:9)
  2 orc priests
  Crazy Yiuf (D:6)
  4 orc wizards
  An iguana (D:8)
  7 worker ants
  A hound zombie (D:8)
  2 hound skeletons (D:4)
  Robin (D:4)
  6 gnolls
  10 adders
  A howler monkey skeleton (D:5)
  A shadow imp (D:8)
  3 oozes
  2 worms
  3 dart slugs (D:1)
  4 leopard geckos
  15 orcs
  2 ball pythons
  5 bats
  4 giant cockroaches
  21 goblins
  5 hobgoblins
  11 jackals
  5 quokkas
  6 frilled lizards
  12 kobolds
  A leopard gecko skeleton (D:6)
  A leopard gecko zombie (D:6)
  6 rats
175 creatures vanquished.

Vanquished Creatures (others)
  An orc wizard (D:6)
1 creature vanquished.

Grand Total: 176 creatures vanquished

Notes
Turn   | Place    | Note
-------+----------+-------------------------------------------
     0 | D:1      | diana the Gnoll Transmuter began the quest for the Orb.
     0 | D:1      | Reached XP level 1. HP: 17/17 MP: 6/6
    65 | D:1      | Reached XP level 2. HP: 20/23 MP: 7/7
   347 | D:1      | Reached XP level 3. HP: 27/28 MP: 9/9
   349 | D:1      | Reached skill level 5 in Spellcasting
  1077 | D:2      | Reached skill level 1 in Invocations
  1512 | D:3      | Reached skill level 1 in Short Blades
  1512 | D:3      | Reached skill level 1 in Long Blades
  1512 | D:3      | Reached skill level 1 in Axes
  1512 | D:3      | Reached skill level 1 in Maces & Flails
  1512 | D:3      | Reached skill level 1 in Polearms
  1512 | D:3      | Reached skill level 1 in Staves
  1512 | D:3      | Reached skill level 1 in Slings
  1512 | D:3      | Reached skill level 1 in Bows
  1512 | D:3      | Reached skill level 1 in Crossbows
  1512 | D:3      | Reached skill level 1 in Throwing
  1512 | D:3      | Reached skill level 1 in Armour
  1512 | D:3      | Reached skill level 1 in Stealth
  1512 | D:3      | Reached skill level 1 in Shields
  1512 | D:3      | Reached skill level 1 in Evocations
  1512 | D:3      | Reached XP level 4. HP: 34/34 MP: 11/11
  1517 | D:3      | Learned a level 3 spell: Spider Form
  1581 | D:3      | Noticed a centaur
  1585 | D:3      | Gained mutation: You evolve. [potion of mutation]
  1585 | D:3      | Gained mutation: You are partially covered in iridescent scales. (AC +2) [potion of mutation]
  1594 | D:3      | Killed a centaur
  1594 | D:3      | Reached skill level 1 in Conjurations
  1594 | D:3      | Reached skill level 1 in Hexes
  1594 | D:3      | Reached skill level 1 in Charms
  1594 | D:3      | Reached skill level 1 in Summonings
  1594 | D:3      | Reached skill level 1 in Necromancy
  1594 | D:3      | Reached skill level 1 in Translocations
  1594 | D:3      | Reached skill level 1 in Fire Magic
  1594 | D:3      | Reached skill level 1 in Ice Magic
  1594 | D:3      | Reached skill level 1 in Air Magic
  1594 | D:3      | Reached skill level 1 in Earth Magic
  1594 | D:3      | Reached skill level 1 in Poison Magic
  1594 | D:3      | Reached XP level 5. HP: 25/40 MP: 10/12
  2016 | D:3      | Gained mutation: You are clumsy. (Dex -2) [evolution]
  2222 | D:4      | Noticed kaytrill's ghost (novice TrBe)
  2283 | D:4      | Noticed Menkaure
  2301 | D:4      | Killed Menkaure
  2301 | D:4      | Reached skill level 5 in Dodging
  2301 | D:4      | Reached XP level 6. HP: 21/47 MP: 14/14
  3055 | D:4      | Noticed Robin
  3074 | D:4      | Killed Robin
  3367 | D:4      | Reached XP level 7. HP: 46/52 MP: 15/15
  3455 | D:4      | Found a deep blue altar of Sif Muna.
  3959 | D:5      | Entered Level 5 of the Dungeon
  3967 | D:5      | Reached skill level 7 in Unarmed Combat
  4068 | D:5      | Gained mutation: You possess an exceptional clarity of mind. [evolution]
  4313 | D:5      | Found Lupeohegh's Antique Weapon Shoppe.
  4438 | D:5      | Noticed Sigmund
  4458 | D:5      | HP: 1/53 [something (13)]
  4463 | D:5      | Killed Sigmund
  4463 | D:5      | Reached XP level 8. HP: 15/60 MP: 11/16
  6113 | D:6      | Learned a level 2 spell: Sticks to Snakes
  6218 | D:6      | Noticed Grinder
  6245 | D:6      | Killed Grinder
  6245 | D:6      | Reached skill level 5 in Transmutations
  6245 | D:6      | Reached XP level 9. HP: 38/66 MP: 16/18
  6725 | D:6      | Found a runed door.
  6780 | D:6      | Noticed Crazy Yiuf
  6789 | D:6      | Killed Crazy Yiuf
  6971 | D:7      | Gained mutation: Your natural rate of healing is unusually fast. [evolution]
  7150 | D:7      | Found a staircase to the Ecumenical Temple.
  7440 | D:7      | Found a burning altar of Makhleb.
  7440 | D:7      | Found a snail-covered altar of Cheibriados.
  7863 | Temple   | Entered the Ecumenical Temple
  7925 | Temple   | Became a worshipper of Ashenzari the Shackled
  8103 | D:8      | Found an ornate altar of the Wu Jian Council.
  8156 | D:8      | Noticed Erica
  8163 | D:8      | Learned a level 4 spell: Ice Form
  8183 | D:8      | Killed Erica
  8183 | D:8      | Reached skill level 5 in Fighting
  8183 | D:8      | Reached skill level 8 in Unarmed Combat
  8248 | D:8      | Reached skill level 5 in Invocations
  8513 | D:8      | Noticed Joseph
  8531 | D:8      | Killed Joseph
  8531 | D:8      | Reached XP level 10. HP: 34/74 MP: 13/20
  9463 | D:9      | Noticed a death knight
  9463 | D:9      | Noticed a skeletal warrior
  9521 | D:9      | Slain by a skeletal warrior

Skill      XL: |  1  2  3  4  5  6  7  8  9 10 |
---------------+-------------------------------+-----
Spellcasting   | 5 6 7 |  7.1
Invocations    | 1 2 3 4 5 |  5.4
Short Blades   | 1 2 3 4 |  4.9
Long Blades    | 1 2 3 4 |  4.9
Axes           | 1 2 3 4 |  4.9
Maces & Flails | 1 2 3 4 |  4.9
Polearms       | 1 2 3 4 |  4.9
Staves         | 1 2 3 4 |  4.9
Slings         | 1 2 3 4 |  4.9
Bows           | 1 2 3 4 |  4.9
Crossbows      | 1 2 3 4 |  4.9
Throwing       | 1 2 3 4 |  4.9
Armour         | 1 2 3 4 |  4.9
Stealth        | 1 2 3 4 |  4.9
Shields        | 1 2 3 4 |  4.9
Evocations     | 1 2 3 4 |  4.9
Conjurations   | 1 2 3 4 |  4.1
Hexes          | 1 2 3 4 |  4.1
Charms         | 1 2 3 4 |  4.1
Summonings     | 1 2 3 4 |  4.1
Necromancy     | 1 2 3 4 |  4.1
Translocations | 1 2 3 4 |  4.1
Fire Magic     | 1 2 3 4 |  4.1
Ice Magic      | 1 2 3 4 |  4.1
Air Magic      | 1 2 3 4 |  4.1
Earth Magic    | 1 2 3 4 |  4.1
Poison Magic   | 1 2 3 4 |  4.1
Fighting       | 3 4 5 |  5.6
Transmutations | 4 5 |  5.6
Dodging        | 5 6 |  6.8
Unarmed Combat | 7 8 |  8.3

Action                   |  1- 3 |  4- 6 |  7- 9 | 10-12 || total
-------------------------+-------+-------+-------+-------++-------
Melee: Unarmed           |    83 |   141 |   363 |    81 ||   668
       Bite              |     5 |     4 |    32 |     5 ||    46
       Punch             |     5 |     5 |    10 |     3 ||    23
       Kick              |     1 |       |     2 |       ||     3
       Headbutt          |       |     1 |     2 |       ||     3
Throw: Throwing net      |       |       |     2 |       ||     2
 Cast: Beastly Appendage |     1 |     2 |     3 |       ||     6
       Spider Form       |       |     3 |    15 |     3 ||    21
Invok: Curse Item        |       |       |       |     1 ||     1
Evoke: Wand              |       |       |     1 |       ||     1
  Use: Potion            |       |     4 |     2 |       ||     6
       Scroll            |       |       |     4 |     1 ||     5
 Stab: Sleeping          |     4 |       |     5 |     2 ||    11
       Distracted        |       |     1 |       |       ||     1
  Eat: Chunk             |     2 |    12 |    16 |     7 ||    37
Armor: Robe              |    11 |    10 |       |       ||    21
       Skin              |       |     7 |     4 |     2 ||    13
       Leather armour    |       |    12 |    32 |     4 ||    48
Dodge: Dodged            |    46 |   136 |   277 |    55 ||   514
